Map: 블루시프트 - 래더

Players

Solar - Winner!

  • Race: Zerg Zerg
  • League: Platinum
  • Spawn Location: 7:00

lIIllllIIlll (INnoVation)

  • Race: Terran Terran
  • League: Master
  • Spawn Location: 1:00

Event: HomeStory Cup XVIII

VOD

Have the link to the VOD?

Description

Time

  • Played on: Nov. 24, 2018, 9:03 a.m.
  • Length: 10:10

All games in this series

Show
View Real Time Build Order
Export as new Build Order

Solar Zerg - Winner!

Build Orders: Hatch First 

Get SALT Encoding   

  12  0:01  Drone  
  13  0:12  Overlord  
  13  0:17  Drone  
  14  0:31  Drone x2  
  16  0:48  Hatchery  
  15  0:51  Drone  
  15  0:54  Drone  
  17  0:58  Drone  
  18  1:06  Extractor  
  17  1:13  Spawning Pool  
  17  1:16  Drone  
  17  1:19  Drone  
  18  1:28  Drone  
  19  1:45  Drone  
  20  1:51  Overlord  
  20  2:00  Queen x2  
  25  2:01  Zergling x4  
  26  2:11  Metabolic Boost  
  26  2:12  Drone  
  27  2:27  Hatchery  
  27  2:29  Drone  
  27  2:32  Drone  
  27  2:36  Drone  
  29  2:42  Drone  
  30  2:45  Queen  
  32  2:51  Overlord  
  32  2:53  Drone  
  32  2:56  Drone  
  34  2:59  Drone  
  34  3:01  Drone  
  36  3:11  Drone x2  
  36  3:12  Drone x3  
  41  3:14  Drone  
  41  3:18  Overlord  
  42  3:23  Drone x2  
  44  3:30  Roach Warren  
  44  3:31  Drone  
  44  3:33  Extractor  
  44  3:34  Drone  
  44  3:36  Extractor, Drone  
  44  3:40  Drone  
  45  3:41  Overlord  
  45  3:45  Overlord  
  45  3:50  Overlord  
  45  3:51  Overlord  
  45  3:54  Drone  
  46  4:14  Roach x5  
  46  4:16  Roach x3  
  62  4:17  Roach  
  62  4:21  Roach  
  66  4:26  Zergling x6  
  69  4:38  Zergling x10  
  69  4:40  Ravager x3  
  69  4:44  Spore Crawler  
  75  4:45  Overlord  
  75  4:52  Zergling x10  
  80  4:57  Ravager  
  81  5:00  Overlord  
  81  5:03  Overlord  
  81  5:05  Spore Crawler  
  80  5:07  Ravager  
  80  5:15  Zergling x4  
  80  5:17  Zergling x2  
  80  5:19  Zergling x2  
  65  5:43  Drone x7  
  65  5:46  Drone  
  65  5:51  Drone  
  63  6:01  Queen, Spore Crawler  
  61  6:04  Drone  
  61  6:05  Drone  
  61  6:08  Drone  
  64  6:12  Drone x2  
  64  6:13  Drone  
  64  6:16  Drone  
  64  6:17  Drone  
  69  6:20  Drone x2  
  69  6:23  Drone x2  
  69  6:24  Drone  
  74  6:28  Drone x2  
  74  6:29  Drone  
  77  6:33  Lair  
  77  6:38  Extractor, Drone x2  
  77  6:39  Extractor  
  76  6:40  Drone  
  76  6:44  Drone x2  
  79  6:47  Drone  
  79  6:51  Drone x2  
  79  6:52  Evolution Chamber x2  
  79  6:54  Queen  
  80  6:58  Overlord  
  83  7:01  Drone x3  
  83  7:03  Roach  
  83  7:04  Roach x2  
  83  7:05  Drone x2  
  83  7:08  Overlord  
  90  7:19  Overlord  
  90  7:20  Zerg Missile Weapons Level 1, Zerg Ground Armor Level 1  
  92  7:23  Roach x4  
  92  7:29  Roach x4  
  106  7:30  Overseer  
  106  7:33  Glial Reconstitution  
  106  7:34  Overseer  
  105  7:40  Roach x4  
  113  7:46  Roach x3  
  113  7:47  Overlord  
  113  7:50  Overlord  
  119  7:53  Roach x2  
  119  7:58  Overlord  
  123  8:00  Roach x2  
  123  8:01  Roach  
  123  8:04  Overlord  
  129  8:07  Overlord  
  129  8:10  Overlord x2  
  129  8:16  Overlord  
  129  8:19  Roach x3  
  135  8:23  Roach x4  
  143  8:28  Roach x2  
  151  8:34  Roach x2  
  151  8:39  Ravager  
  151  8:40  Ravager x6  
  158  8:41  Overlord  
  158  8:44  Queen  
  159  8:49  Roach x4  
  159  8:51  Roach x3  
  159  8:53  Overlord  
  173  8:56  Roach  
  173  8:59  Overlord  
  173  9:01  Roach  
  173  9:02  Roach  
  179  9:05  Roach x2  
  183  9:14  Roach x3  
  183  9:15  Roach  
  191  9:20  Overlord  
  191  9:21  Roach x3  
  191  9:22  Roach  
  199  9:27  Roach x4  
  169  9:36  Zergling x6  
  154  9:40  Ravager, Zergling x2  
  154  9:41  Ravager  
  145  9:46  Roach x2  
  145  9:49  Roach x3  
  150  9:56  Ravager  
  152  10:04  Ravager x2  
  158  10:09  Hatchery  
Show
View Real Time Build Order
Export as new Build Order

lIIllllIIlll Terran 

Build Orders: Gas First Reaper Expand, Reaper Expand, Banshee Rush 

Get SALT Encoding   

  12  0:00  SCV  
  13  0:12  SCV  
  14  0:17  Supply Depot  
  14  0:24  SCV  
  14  0:27  Refinery  
  15  0:38  SCV  
  16  0:44  Barracks  
  16  0:50  SCV  
  17  1:02  SCV  
  18  1:14  SCV  
  19  1:30  Orbital Command  
  19  1:31  Reaper  
  20  1:44  Command Center  
  20  1:52  Factory  
  20  1:56  SCV  
  21  2:06  Barracks Reactor  
  21  2:08  SCV  
  21  2:13  Supply Depot, Refinery  
  22  2:20  SCV  
  23  2:34  SCV  
  24  2:42  Starport  
  24  2:46  SCV  
  24  2:49  Marine  
  24  2:50  Hellion  
  30  2:55  Orbital Command  
  28  2:58  SCV  
  29  3:09  Marine  
  29  3:10  Hellion  
  29  3:11  Hellion  
  29  3:12  SCV  
  35  3:20  Starport Tech Lab  
  35  3:21  SCV  
  35  3:24  SCV  
  37  3:27  Supply Depot  
  37  3:35  SCV  
  37  3:36  SCV  
  37  3:37  Cloaking Field  
  37  3:38  Banshee  
  42  3:42  Barracks Tech Lab  
  42  3:48  SCV x2  
  44  4:00  SCV x2  
  46  4:03  Command Center  
  46  4:06  Stimpack  
  46  4:12  SCV x2  
  46  4:16  Supply Depot, Factory Reactor  
  48  4:21  Banshee  
  52  4:24  SCV x2  
  52  4:27  Barracks  
  53  4:33  Barracks  
  53  4:36  SCV  
  53  4:37  SCV  
  55  4:39  Supply Depot  
  55  4:47  Engineering Bay  
  55  4:48  Engineering Bay  
  55  4:50  SCV  
  55  4:51  SCV  
  57  4:57  Bunker  
  57  4:58  Widow Mine x2  
  61  5:03  Banshee  
  64  5:11  Marine  
  64  5:13  SCV x2  
  66  5:15  Marine x2  
  61  5:33  Command Center  
  51  5:53  Orbital Command  
  51  5:54  Engineering Bay  
  51  5:55  Supply Depot, Engineering Bay  
  51  5:56  Supply Depot  
  51  5:58  Starport Reactor  
  51  6:16  Marine x2, Combat Shield  
  51  6:17  SCV  
  51  6:18  Marine x2  
  56  6:21  Terran Infantry Weapons Level 1, Terran Infantry Armor Level 1  
  56  6:24  SCV  
  57  6:29  Refinery, SCV  
  57  6:32  Marine, Refinery  
  59  6:33  Factory Reactor  
  59  6:34  Marine x2  
  59  6:35  Supply Depot  
  59  6:36  SCV  
  62  6:45  Marine x2, Medivac x2, SCV  
  69  6:47  Orbital Command  
  69  6:50  SCV  
  70  6:56  Marine  
  70  6:57  Supply Depot, Marine x2, SCV  
  74  7:02  SCV  
  75  7:09  SCV  
  75  7:14  Marine x4, SCV  
  75  7:15  Marine  
  82  7:21  SCV  
  83  7:25  SCV  
  83  7:26  SCV  
  83  7:27  Siege Tank  
  88  7:31  Supply Depot  
  88  7:32  Supply Depot  
  88  7:33  Supply Depot, SCV  
  88  7:34  Orbital Command  
  89  7:39  SCV  
  89  7:40  Supply Depot, Barracks  
  89  7:42  Barracks  
  90  7:45  Armory, Medivac, SCV  
  93  7:52  Marine x4, Medivac, SCV  
  93  7:57  SCV  
  101  7:59  Marauder, Siege Tank  
  97  8:06  SCV x2  
  97  8:10  SCV  
  97  8:11  Marine x3  
  97  8:12  Marine  
  104  8:18  Refinery, SCV x2  
  106  8:21  Concussive Shells  
  106  8:22  Marauder, SCV  
  109  8:28  Medivac, Barracks Tech Lab  
  109  8:31  Siege Tank, SCV x2  
  109  8:34  SCV  
  119  8:35  Supply Depot  
  117  8:44  Supply Depot, Refinery  
  117  8:46  Supply Depot  
  117  8:47  Marauder  
  117  8:48  Missile Turret, Marauder  
  121  8:51  Marine x3  
  121  8:52  Marine  
  125  8:57  Supply Depot, Marine x2, SCV x3  
  130  9:03  Siege Tank  
  130  9:06  Medivac  
  135  9:12  Marine x4, Marauder x2  
  135  9:15  Marine x2  
  135  9:16  Unknown x2  
  145  9:22  Medivac  
  145  9:23  Supply Depot  
  146  9:24  Supply Depot  
  146  9:27  SCV x3  
  146  9:30  Marine x2  
  146  9:31  Marine x2  
  129  9:33  Marauder  
  129  9:34  Marauder  
  129  9:37  Medivac  
  84  9:49  Marine x2  
Tags
 
Add a new tag
Caveats
  • Supply blocks, unpowered buildings, or Contaminate may cause inaccurate times.
  • Supply counts are checked every 10 seconds.